 Dungeon Crawl Stone Soup version 0.13-a0-3016-gcb2faac (webtiles) character file.

1591 Sachiko the Cleaver (level 8, -6/68 HPs)
             Began as a Lava Orc Fighter on Sept 10, 2013.
             Was an Initiate of Ashenzari.
             Mangled by an ice beast (26 damage)
             ... on Level 5 of the Dungeon.
             The game lasted 00:22:33 (6135 turns).

Sachiko the Cleaver (Lava Orc Fighter)              Turns: 6135, Time: 00:22:33

HP  -6/68        AC  9     Str 19      XL: 8   Next: 37%
MP   7/7         EV  7     Int  8      God: Ashenzari [......]
Gold 229         SH 22     Dex 12      Spells:  0 memorised,  7 levels left

Res.Fire  : + + +   See Invis. : +   a - +1 orc hand axe (curse) {=f}
Res.Cold  : x . .   Warding    : .   p - +0 scale mail of the Apprentice {Acc+6 SIn Life Prot.: . . . Conserve : . c - +0 orc shield
Res.Poison: .       Res.Corr.  : .   (no helmet)
Res.Elec. : .       Clarity    : .   (no cloak)
Sust.Abil.: . .     Spirit.Shd : .   g - +0 pair of gauntlets (curse)
Res.Mut.  : .       Stasis     : .   (no boots)
Res.Rott. : .       Flight     : .   (no amulet)
Saprovore : + . .                    (no ring)
                                     (no ring)

@: slightly resistant to hostile enchantments, extremely unstealthy
A: conserve scrolls, saprovore 1
a: Renounce Religion


You were on level 5 of the Dungeon.
You worshipped Ashenzari.
Ashenzari was noncommittal.
You were not hungry.

You visited 2 branches of the dungeon, and saw 6 of its levels.

You collected 209 gold pieces.

Inventory:

Hand weapons
 a - a cursed +1,+1 orcish hand axe (weapon) {=f}
Armour
 b - a +1 orcish scale mail
 c - a +0 orcish shield (worn)
 g - a cursed +0 pair of gauntlets (worn)
 p - the cursed +0 scale mail of the Apprentice (worn) {Acc+6 SInv}
   (You found it on level 5 of the Dungeon)

   It affects your accuracy (+6).
   It enhances your eyesight.
   It has a curse placed upon it.
Magical devices
 o - a wand of paralysis (4)
Comestibles
 d - 4 meat rations
 h - a pear
 s - a bread ration
Scrolls
 f - a scroll of random uselessness
 m - 2 scrolls of curse weapon
 r - a scroll of teleportation
 t - 3 scrolls of identify
Jewellery
 i - a +0,+7 ring of slaying {unknown}
 k - an uncursed ring of wizardry
Potions
 e - a potion of poison
 j - a potion of restore abilities
 l - a potion of slowing
Books
 q - a Necronomicon {highlevel}

   This book is beyond your current level of understanding.

   Spells                             Type                      Level
   Borgnjor's Revivification          Necromancy                   7
   Haunt                              Necromancy/Summoning         7
   Death's Door                       Charms/Necromancy            8
   Necromutation                      Transmutation/Necromancy     8


   Skills:
 + Level 5.2 Fighting
 * Level 8.1 Axes
 + Level 6.7 Armour
 + Level 6.3 Shields


You had 7 spell levels left.
You didn't know any spells.

Dungeon Overview and Level Annotations

Branches:
Dungeon (5/27)             Temple (1/1) D:5

Altars:
Ashenzari
Cheibriados
Elyvilon
Fedhas
Kikubaaqudgha
Makhleb
Okawaru
Sif Muna
Trog
Vehumet
Xom
Yredelemnul
Zin
Lugonu

Shops:
D:4 *

Annotations:
D:5 Aelig's ghost, experienced SpEn


Innate Abilities, Weirdness & Mutations

You have stony skin.
You cover ground slowly.
Your flesh is almost immune to the effects of heat.
Your fire spells are more powerful.
Your flesh is vulnerable to cold.
Your heat harms attackers.
You bathe your surroundings in blazing heat.
You are too hot to use scrolls.
You are very good at protecting items from fire.
You can tolerate rotten meat.


Message History

You hit the giant eyeball.
The giant eyeball is severely wounded.
You hit the ice beast.
The ice beast is moderately wounded.
The ice beast hits you but does no damage.
You slash the ice beast!
The ice beast is heavily wounded.
You hit the giant eyeball.
You kill the giant eyeball!
Your stony skin melts.
The ice beast hits you. The ice beast freezes you!
You hit the ice beast.
The ice beast is heavily wounded.
The ice beast hits you. The ice beast freezes you!
You feel a terrible chill!
* * * LOW HITPOINT WARNING * * *
Drink which item? (? for menu, Esc to quit)
You feel better. The ice beast hits you.
* * * LOW HITPOINT WARNING * * *
The ice beast freezes you!
You feel a terrible chill!
You die...

#.............########.
#.............# ##
#.............#
#.............#
#..<..........#
#.............#
#.............#
######>######## *#..@#
*** #$.I.....# ########
#........# #.......
#........#* *#.......
#........+, ##.......
#........#*..........
#........#**##.......
###+##### ######## *,**
#.


You could see an ice beast.

Vanquished Creatures
  Grinder (D:3)
  A hungry ghost (D:5)
  A phantom (D:4)
  2 ogres (D:5)
  The ghost of 5ubbak the Covered, an average DjFi (D:3)
  2 centaurs (D:5)
  An orc priest (D:4)
  A hound (D:4)
  An orc wizard (D:4)
  A gnoll shaman (D:4)
  4 worker ants (D:4)
  An ogre zombie (D:5)
  8 adders
  8 gnolls
  A giant mite (D:3)
  An inept feature mimic (D:3)
  2 worms
  An adder zombie (D:5)
  3 giant eyeballs (D:5)
  An iguana skeleton (D:5)
  2 giant geckos
  An ooze (D:1)
  3 orcs
  12 bats
  4 giant cockroaches
  9 goblins
  16 hobgoblins
  12 jackals
  12 kobolds
  2 ball pythons
  A giant gecko skeleton (D:4)
  8 giant newts
  A hobgoblin skeleton (D:4)
  2 kobold skeletons (D:4)
  A quokka (D:2)
  16 rats
144 creatures vanquished.

Notes
Turn   | Place    | Note
--------------------------------------------------------------
     0 | D:1      | Sachiko, the Lava Orc Fighter, began the quest for the Orb.
     0 | D:1      | Reached XP level 1. HP: 19/19 MP: 0/0
   164 | D:1      | Reached XP level 2. HP: 23/26 MP: 1/1
   789 | D:2      | Reached XP level 3. HP: 29/33 MP: 2/2
  1051 | D:2      | Found a radiant altar of Vehumet.
  1051 | D:2      | Found an ancient bone altar of Kikubaaqudgha.
  1074 | D:2      | Found a blossoming altar of Fedhas.
  1080 | D:2      | Reached skill level 4 in Armour
  1960 | D:2      | Reached XP level 4. HP: 40/40 MP: 3/3
  2188 | D:3      | HP: 2/40 [gnoll/halberd (8)]
  2200 | D:3      | Found a snail-covered altar of Cheibriados.
  2224 | D:3      | Noticed Grinder
  2226 | D:3      | Paralysed by Grinder for 5 turns
  2256 | D:3      | Paralysed by Grinder for 2 turns
  2422 | D:3      | Paralysed by Grinder for 2 turns
  2429 | D:3      | HP: 2/40 [Grinder (5)]
  2469 | D:4      | Reached XP level 5. HP: 6/46 MP: 4/4
  2736 | D:3      | Paralysed by Grinder for 7 turns
  2750 | D:3      | Paralysed by Grinder for 4 turns
  2754 | D:3      | Killed Grinder
  2754 | D:3      | Reached skill level 5 in Axes
  2754 | D:3      | Reached skill level 5 in Armour
  2754 | D:3      | Reached XP level 6. HP: 13/53 MP: 5/5
  3168 | D:3      | Found a basalt altar of Yredelemnul.
  3176 | D:3      | Noticed 5ubbak's ghost (average DjFi)
  3216 | D:3      | Killed 5ubbak's ghost
  3217 | D:3      | Found a white marble altar of Elyvilon.
  3333 | D:3      | Found a deep blue altar of Sif Muna.
  3743 | D:4      | Reached XP level 7. HP: 55/60 MP: 6/6
  3779 | D:4      | Reached skill level 6 in Axes
  3794 | D:4      | Found Maez's Assorted Antiques.
  3934 | D:4      | Reached skill level 5 in Shields
  4133 | D:4      | Noticed a phantom
  4163 | D:4      | Killed a phantom
  4188 | D:5      | Entered Level 5 of the Dungeon
  4213 | D:5      | Noticed Aelig's ghost (experienced SpEn)
  4505 | D:4      | Reached skill level 7 in Axes
  5110 | D:5      | Reached skill level 5 in Fighting
  5110 | D:5      | Reached XP level 8. HP: 7/68 MP: 7/7
  5443 | D:5      | Paralysed by a giant eyeball for 2 turns
  5701 | D:5      | Got a distressingly furry scale mail
  5702 | D:5      | Identified the +0 scale mail of the Apprentice {Acc+6 SInv} (You found it on level 5 of the Dungeon)
  5726 | D:5      | Reached skill level 8 in Axes
  5819 | D:5      | Found a staircase to the Ecumenical Temple.
  5840 | Temple   | Entered the Ecumenical Temple
  5867 | Temple   | Became a worshipper of Ashenzari the Shackled
  5980 | D:5      | Paralysed by a giant eyeball for 4 turns
  6028 | D:5      | Paralysed by a giant eyeball for 2 turns
  6030 | D:5      | Found an iron altar of Okawaru.
  6034 | D:5      | Paralysed by a giant eyeball for 4 turns
  6127 | D:5      | Paralysed by a giant eyeball for 3 turns
  6135 | D:5      | Mangled by an ice beast

Action                   |  1- 3 |  4- 6 |  7- 9 || total
-------------------------+-------+-------+-------++-------
Melee: Hand axe          |   169 |   171 |   209 ||   549
Evoke: Wand              |       |       |     1 ||     1
  Use: Scroll            |     5 |     2 |    10 ||    17
       Potion            |     4 |       |     4 ||     8
